 Dungeon Crawl Stone Soup version 0.27-a0-1502-g47ed6a6988 (webtiles) character file.

Game seed: 14197977175087017929

149922 Sin92 the Warrior (level 16, -6/143 HPs)
             Began as a Demonspawn Fighter on July 8, 2021.
             Was the Champion of Okawaru.
             Hit by a javelin thrown by a merfolk javelineer (14 damage)
             ... on level 3 of the Shoals.
             The game lasted 01:05:43 (26451 turns).

Sin92 the Warrior (Demonspawn Fighter)             Turns: 26451, Time: 01:05:44

Health: -6/143     AC: 22    Str: 36    XL:     16   Next: 97%
Magic:  0/22       EV: 15    Int: 11    God:    Okawaru [******]
Gold:   2490       SH: 15    Dex: 18    Spells: 15/15 levels left

rFire    . . .     SeeInvis .   y - +10 hand axe "Wydun" {freeze, rElec Str+7 Dex-3}
rCold    . . .     Faith    .   b - +0 kite shield {reflect}
rNeg     . . .     Spirit   +   v - +8 scale mail "Erribb" {Str+3}
rPois    +         Reflect  +   T - +0 hat
rElec    +         Harm     .   z - +2 cloak {rPois}
rCorr    .         Rampage  .   (no gloves)
Will     +....                  m - +0 pair of boots of Foolhardiness {Slay+5}
Stlth    ..........             C - amulet of guardian spirit
HPRegen  0.33/turn              S - +6 ring of strength
MPRegen  0.18/turn              F - +6 ring of dexterity

@: mighty, flying, mesmerised, very slightly contaminated, invisible
A: claws 2, hooves 2, horns 2, powered by death 3, powered by pain 2
a: Renounce Religion, Heroism, Finesse


You were on level 3 of the Shoals.
You worshipped Okawaru.
Okawaru was exalted by your worship.
You visited 5 branches of the dungeon, and saw 27 of its levels.
You visited the Abyss 1 time.
You also visited: Ice Cave and Volcano.

You collected 2785 gold pieces.
You spent 295 gold pieces at shops.

Inventory:

Hand Weapons
 n - a +4 broad axe of electrocution
 y - the +10 hand axe "Wydun" (weapon) {freeze, rElec Str+7 Dex-3}
   (You acquired it on level 5 of the Dungeon)

   It has been specially enchanted to freeze those struck by it, causing extra
   injury to most foes and up to half again as much damage against particularly
   susceptible opponents.
   It can also slow down cold-blooded creatures.
   Str:       It affects your strength (+7).
   Dex:       It affects your dexterity (-3).
   rElec:     It insulates you from electricity.
 Q - the +6 spear of the Kidney {speed, rElec rPois rN+}
   (You found it on level 1 of the Lair of Beasts)

   Attacks with this weapon are significantly faster.
   rElec:     It insulates you from electricity.
   rPois:     It protects you from poison.
   rN:        It protects you from negative energy.
 U - a +1 war axe of flaming
Missiles
 D - 2 boomerangs of dispersal (quivered)
Armour
 b - a +0 kite shield of reflection (worn)
 m - the +0 pair of boots of Foolhardiness (worn) {Slay+5}
   (You acquired it on level 3 of the Dungeon)

   Slay:      It affects your accuracy & damage with ranged weapons and melee
   (+5).
 v - the +8 scale mail "Erribb" (worn) {Str+3}
   (You found it on level 6 of the Dungeon)

   Str:       It affects your strength (+3).
 z - a +2 cloak of poison resistance (worn)
 I - a +2 cloak of preservation
 T - a +0 hat (worn)
Jewellery
 A - a ring of positive energy
 C - an amulet of guardian spirit (around neck)
 F - a +6 ring of dexterity (right claw)
 L - a ring of poison resistance
 N - a ring of resist corrosion
 S - a +6 ring of strength (left claw)
Wands
 f - a wand of digging (1)
 h - a wand of flame (11)
Scrolls
 a - 9 scrolls of identify
 c - a scroll of amnesia
 e - 7 scrolls of teleportation
 k - a scroll of magic mapping
 p - 2 scrolls of summoning
 M - a scroll of silence
 Y - 5 scrolls of fog
Potions
 d - 3 potions of might
 g - 4 potions of flight
 i - 3 potions of mutation
 l - 6 potions of cancellation
 q - 2 potions of haste
 w - a potion of heal wounds
 B - 2 potions of brilliance
 G - 6 potions of curing
 K - 3 potions of resistance
 P - 2 potions of magic
 V - 2 potions of berserk rage
 Z - a potion of invisibility


   Skills:
 * Level 17.8 Fighting
 + Level 14.1(14.4) Axes
 - Level 4.9(10.6) Polearms
 + Level 12.3 Armour
 - Level 8.0 Dodging
 + Level 12.2 Shields
 - Level 8.2 Invocations


You had 15 spell levels left.
You didn't know any spells.
Your spell library contained the following spells:

 Spells                   Type           Power      Damage    Failure   Level
 Corona                   Hex            0%         N/A       63%         1
 Freeze                   Ice            0%         1d3       63%         1
 Magic Dart               Conj           0%         1d3       63%         1
 Sandblast                Erth           0%         2d4       63%         1
 Call Imp                 Summ           0%         N/A       77%         2
 Ensorcelled Hibernation  Hex/Ice        0%         N/A       77%         2
 Passwall                 Tmut/Erth      0%         N/A       77%         2
 Frozen Ramparts          Ice            0%         1d2       94%         3
 Ignite Poison            Fire/Tmut/Pois 0%         N/A       94%         3
 Inner Flame              Hex/Fire       0%         N/A       94%         3
 Mephitic Cloud           Conj/Pois/Air  0%         N/A       94%         3
 Stone Arrow              Conj/Erth      0%         3d7       94%         3
 Summon Guardian Golem    Hex/Summ       0%         N/A       94%         3
 Tukima's Dance           Hex            0%         N/A       94%         3
 Animate Armour           Summ/Erth      0%         N/A       100%        4
 Cause Fear               Hex            0%         N/A       100%        4
 Hailstorm                Conj/Ice       0%         3d3       100%        4
 Passage of Golubria      Tloc           N/A        N/A       100%        4
 Petrify                  Tmut/Erth      0%         N/A       100%        4
 Summon Lightning Spire   Summ/Air       0%         N/A       100%        4
 Fireball                 Conj/Fire      0%         3d3       100%        5
 Iskenderun's Battlesphe  Conj           0%         2d6       100%        5
 Lee's Rapid Deconstruct  Erth           0%         3d5*      100%        5
 Metabolic Englaciation   Hex/Ice        0%         N/A       100%        5
 Summon Forest            Summ/Tloc      0%         N/A       100%        5
 Yara's Violent Unravell  Hex/Tmut       0%         3d3       100%        5
 Conjure Ball Lightning   Conj/Air       0%         3x3d6     100%        6
 Starburst                Conj/Fire      0%         8x6d3     100%        6
 Statue Form              Tmut/Erth      0%         N/A       100%        6
 Orb of Destruction       Conj           0%         N/A       100%        7
 Spellforged Servitor     Conj/Summ      0%         N/A       100%        7
 Storm Form               Tmut/Air       0%         N/A       100%        7
 Discord                  Hex            0%         N/A       100%        8
 Ignition                 Fire           0%         3d3       100%        8
 Lehudib's Crystal Spear  Conj/Erth      0%         10d2      100%        8
 Maxwell's Capacitive Co  Air            0%         ∞         100%        8


Dungeon Overview and Level Annotations

Branches:
Dungeon (15/15)            Temple (1/1) D:6            Lair (6/6) D:10
 Shoals (3/4) Lair:4        Snake (0/4) Lair:2        Slime (0/5) Lair:5
    Orc (2/2) D:9             Elf (0/3) Orc:2        Vaults (0/5) D:13
 Depths (0/5) D:15          IceCv (visited)         Volcano (visited)

Altars:
Ashenzari
Cheibriados
Dithmenos
Elyvilon
Fedhas
Gozag
Hepliaklqana
Kikubaaqudgha
Makhleb
Nemelex Xobeh
Okawaru
Qazlal
Ru
Sif Muna
Trog
Uskayaw
Vehumet
Wu Jian
Xom
Yredelemnul
Zin
The Shining One
Beogh
Jiyva

Shops:
D:2 *   D:9 *   Orc:2 ![*=

Portals:
Abyss: Orc:2

Annotations:
D:6 3 runed translucent doors, dickylongcocking's ghost, novice DjWn
Shoals:3 Ilsuiw
Orc:2 2 transporters, Pottery's ghost, journeyman TrMo


Innate Abilities, Weirdness & Mutations

You have very sharp fingernails.
You have hoof-like feet.
You have a pair of horns on your head.
You regenerate a lot of health from kills.
You sometimes gain power by taking damage.


Message History

The merfolk javelineer throws a javelin.
The javelin closely misses you.
The merfolk siren chants its luring song.
The merfolk javelineer throws a javelin.
The javelin barely misses you.
Your surroundings seem slightly different.
You hear some strange, mumbled words.
A shard of ice appears from out of thin air!
The shard of ice hits you!!
* * * LOW HITPOINT WARNING * * *
You focus on the pain.
You feel mightier all of a sudden.
The merfolk siren chants its luring song.
You fade into invisibility!
Something hits you but does no damage.
The merfolk javelineer throws a javelin.
The javelin pierces through you.
* * * LOW HITPOINT WARNING * * *
The merfolk siren chants its luring song.
You are very lightly contaminated with residual magic.
The merfolk javelineer throws a javelin.
The merfolk javelineer throws a javelin.
Things that are here:
a +0 trident; 5 boomerangs; a merfolk corpse The merfolk javelineer throws a javelin.
The merfolk siren chants its luring song.
The merfolk javelineer throws a javelin.
The javelin pierces through the merfolk siren!
The javelin misses you. The merfolk siren barely misses you.
The merfolk javelineer throws a javelin.
The javelin pierces through you!
* * * LOW HITPOINT WARNING * * *
You focus on the pain.
You feel mightier all of a sudden. You block the merfolk siren's attack.
Unknown command.
You barely miss the merfolk javelineer.
The merfolk javelineer throws a javelin.
The javelin pierces through you!
You die...

≈≈≈≈≈.. #......≈≈≈....≈≈
≈≈≈≈≈.. #......≈≈..#.≈≈≈
.≈≈≈≈.§## #......≈≈....≈≈≈
≈≈≈≈....# #.^....≈≈≈...≈≈≈
§≈≈≈≈.).#######..?[..≈≈≈≈≈≈≈≈≈
≈§≈≈≈≈≈.....≈≈.####..≈≈≈≈≈≈≈≈≈
≈≈≈≈.≈.....≈≈≈.# #..≈≈≈≈≈≈≈≈≈
≈≈≈≈≈≈≈≈≈.≈m≈)#####.≈≈≈≈≈≈≈≈≈≈
≈≈≈≈≈≈≈≈≈≈≈≈m@.##.≈≈≈≈≈≈≈≈≈≈≈≈
≈≈≈≈≈≈≈≈≈≈≈≈≈≈≈.)≈≈≈≈≈≈≈≈≈≈≈≈≈
≈≈≈≈≈≈≈≈≈≈≈≈≈m≈≈≈≈≈≈≈≈≈≈≈≈≈≈≈≈
≈≈≈≈≈≈≈≈≈≈≈≈≈≈≈≈≈≈≈≈≈≈≈≈≈ ≈≈
≈≈≈≈≈≈≈≈≈≈≈≈≈≈≈≈≈≈≈≈≈≈≈≈ ≈≈
≈≈≈≈≈≈≈≈≈≈≈≈≈≈≈≈≈≈≈≈ ≈≈
≈≈≈≈≈≈≈≈≈≈≈≈≈≈≈≈≈≈≈≈ ≈≈
≈≈≈≈≈≈≈≈≈≈≈≈≈≈≈≈≈≈≈≈ ≈≈
≈≈≈≈≈≈≈≈≈≈≈≈≈≈≈≈≈≈≈ ≈≈


You could see a merfolk javelineer and 2 merfolk sirens.

Vanquished Creatures
  A hellephant (Abyss:2)
  2 tentacled starspawn (Abyss:2)
  Gastronok (D:8)
  Donald (Shoals:1)
  The ghost of Glennnyy the Warrior, an adept GrFi of Fedhas (Shoals:1)
  A very ugly thing (D:15)
  Azrael (D:12)
  A fire dragon (D:14)
  2 merfolk impalers (Shoals:2)
  A great orb of eyes (D:15)
  Harold (D:10)
  9 hydras
  7 boulder beetles
  2 rakshasas
  A vault guard (D:13)
  2 merfolk avatars (Shoals:3)
  5 centaur warriors
  2 catoblepae
  A satyr (Shoals:3)
  4 alligator snapping turtles
  5 death yaks (Lair:6)
  A deep troll shaman (Lair:6)
  3 orc high priests (Orc:2)
  2 merfolk aquamancers (Shoals:2)
  3 tengu warriors
  3 two-headed ogres
  2 thrashing horrors (Abyss:2)
  Urug (Lair:5)
  2 wretched stars (Abyss:2)
  6 skeletal warriors
  A spatial maelstrom (Abyss:2)
  6 sea snakes
  Pikel (D:4)
  A wizard (D:13)
  11 harpies (Shoals:2)
  5 orc knights
  3 deep elf pyromancers
  7 orc sorcerers
  5 cyclopes
  2 necromancers
  10 ugly things
  7 manticores
  7 fauns
  7 elephants
  A black mamba (Lair:3)
  Maurice (D:8)
  An ice statue (IceCv)
  9 merfolk sirens
  2 centaur zombies
  An apocalypse crab (Abyss:2)
  Joseph (D:7)
  A water nymph (Shoals:3)
  Maggie (D:8)
  A torpor snail (Lair:5)
  7 cane toads
  5 gargoyles
  2 efreet
  5 rime drakes
  5 freezing wraiths (IceCv)
  2 anaconda simulacra (IceCv)
  A komodo dragon (shapeshifter) (Abyss:2)
  11 ice devils (IceCv)
  11 komodo dragons
  An entropy weaver simulacrum (IceCv)
  A demonic crawler (Abyss:2)
  2 trolls
  2 meliai (D:12)
  8 wind drakes
  A queen bee (D:12)
  2 polar bears
  A raiju (shapeshifter) (D:14)
  4 hornets
  An ancient zyme (Abyss:2)
  2 raiju
  2 harpy skeletons (Volcano)
  10 merfolk
  6 snapping turtles
  16 slime creatures
  Grinder (D:3)
  13 blink frogs
  10 dream sheep
  A redback (shapeshifter) (D:15)
  3 flying skulls (Volcano)
  2 centaur simulacra (D:14)
  2 dire elephant simulacra (IceCv)
  An alligator skeleton (Volcano)
  3 shadows
  A wraith (D:14)
  6 water elementals
  3 starcursed masses (Abyss:2)
  37 yaks
  A vampire (D:11)
  21 humans (D:13)
  6 wyverns
  3 fire bats (Lair:4)
  15 basilisks
  2 fire elementals (D:12)
  A steam dragon (D:7)
  The ghost of Sobieck the Chopper, an amateur FoGl of Cheibriados (D:12)
  2 vampire mosquitoes (D:10)
  3 death yak simulacra (IceCv)
  2 nagas (Lair:2)
  A harpy simulacrum (IceCv)
  A spatial vortex (Abyss:2)
  4 acid dragons
  3 wargs
  A large abomination (Abyss:2)
  A hydra simulacrum (Abyss:2)
  2 hell hounds (D:12)
  19 water moccasins
  Duvessa (D:7)
  2 sky beasts
  3 ice beasts
  A hornet zombie (D:6)
  3 black bears
  20 wolves
  9 ogres
  24 orc warriors
  5 centaurs
  2 lemures (D:4)
  6 kobold brigands
  4 bullfrogs
  2 gnoll sergeants
  3 small abominations (Abyss:2)
  Dowan (D:7)
  4 cane toad simulacra (IceCv)
  A two-headed ogre simulacrum (IceCv)
  3 scorpions
  A water moccasin zombie (D:5)
  A water moccasin skeleton (D:4)
  7 elephant simulacra (IceCv)
  19 killer bees
  A spriggan skeleton (Volcano)
  3 wights (D:9)
  7 howler monkeys
  An electric eel (D:14)
  A troll skeleton (Volcano)
  A bullfrog zombie (D:6)
  2 jellies
  A quasit (Abyss:2)
  3 bullfrog skeletons
  4 gnoll shamans
  14 orc priests
  5 hounds
  A centaur skeleton (D:5)
  An iron imp (Abyss:2)
  An iguana (D:4)
  30 orc wizards
  9 hell rats
  2 polar bear simulacra (IceCv)
  2 killer bee zombies
  A spriggan simulacrum (IceCv)
  4 wolf simulacra (IceCv)
  2 hound skeletons (D:4)
  A howler monkey zombie (D:9)
  36 gnolls
  3 howler monkey skeletons
  10 adders
  2 naga simulacra (IceCv)
  A shadow imp (D:6)
  3 white imps
  2 ufetubi
  2 worms
  A dart slug (D:3)
  82 orcs
  2 bats
  11 endoplasms
  A giant cockroach (D:2)
  9 goblins
  4 hobgoblins
  20 jackals
  3 quokkas
  8 ball pythons
  5 frilled lizards
  32 kobolds
  4 rats
  A bush (Lair:2)
  A starspawn tentacle (Abyss:2)
908 creatures vanquished.

Vanquished Creatures (others)
  24 fungi
  47 plants
  4 starspawn tentacles (Abyss:2)
75 creatures vanquished.

Grand Total: 983 creatures vanquished

Notes
Turn   | Place    | Note
-------+----------+-------------------------------------------
     0 | D:1      | Sin92 the Demonspawn Fighter began the quest for the Orb.
     0 | D:1      | Reached XP level 1. HP: 18/18 MP: 1/1
   214 | D:1      | Gained mutation: You regenerate a little health from kills.
                  | [demonic ancestry]
   214 | D:1      | Reached XP level 2. HP: 20/24 MP: 2/2
   376 | D:1      | Found a faded altar of an unknown god.
   887 | D:2      | Gained mutation: You have sharp fingernails. [demonic
                  | ancestry]
   887 | D:2      | Reached XP level 3. HP: 29/29 MP: 3/3
  1046 | D:2      | Found Oghy's General Store.
  1382 | D:3      | Identified 2 scrolls of acquirement
  1382 | D:3      | Acquired a +0 broad axe of draining
  1386 | D:3      | Reached skill level 1 in Dodging
  1390 | D:3      | Gained mutation: You regenerate health from kills. [demonic
                  | ancestry]
  1390 | D:3      | Reached XP level 4. HP: 31/35 MP: 4/4
  1394 | D:3      | Acquired the +0 pair of boots of Foolhardiness {Slay+5}
  1447 | D:3      | Found a shimmering blue altar of Sif Muna.
  1459 | D:3      | Noticed Grinder
  1461 | D:3      | Paralysed by Grinder for 2 turns
  1470 | D:3      | Killed Grinder
  1471 | D:3      | Gained mutation: You regenerate a lot of health from kills.
                  | [demonic ancestry]
  1471 | D:3      | Reached XP level 5. HP: 29/42 MP: 5/5
  1471 | D:3      | Reached XP level 6. HP: 33/48 MP: 6/6
  1636 | D:3      | You fall into a shaft and drop 2 floors!
  1636 | D:5      | Entered Level 5 of the Dungeon
  1647 | D:5      | Reached skill level 4 in Fighting
  1825 | D:4      | Identified the +2 pair of gloves of the Game of Kings
                  | {Str+2 Int+6 Dex-3}
  1838 | D:4      | Gained mutation: You have a pair of small horns on your
                  | head. [demonic ancestry]
  1838 | D:4      | Reached XP level 7. HP: 54/54 MP: 7/7
  1945 | D:3      | Found a sacrificial altar of Ru.
  2559 | D:4      | Noticed Pikel
  2571 | D:4      | Killed Pikel
  2572 | D:4      | Reached skill level 5 in Fighting
  2572 | D:4      | Reached skill level 5 in Axes
  2572 | D:4      | Gained mutation: You have a pair of horns on your head.
                  | [demonic ancestry]
  2572 | D:4      | Reached XP level 8. HP: 52/62 MP: 8/8
  3172 | D:4      | Reached skill level 5 in Armour
  3172 | D:4      | Reached skill level 5 in Shields
  3395 | D:4      | Gained mutation: You have large cloven feet. [demonic
                  | ancestry]
  3395 | D:4      | Reached XP level 9. HP: 68/68 MP: 9/9
  4346 | D:5      | Acquired the +10 hand axe "Wydun" {freeze, rElec Str+7
                  | Dex-3}
  4465 | D:6      | Reached skill level 6 in Fighting
  4556 | D:6      | Found a runed translucent gate.
  4556 | D:6      | Found a runed translucent gate.
  4556 | D:6      | Found an opulent altar of Gozag.
  4559 | D:6      | Noticed a troll
  4563 | D:6      | Noticed dickylongcocking's ghost (novice DjWn)
  4564 | D:6      | Noticed a kobold demonologist
  4566 | D:6      | Found a runed translucent gate.
  4706 | D:6      | Found a staircase to the Ecumenical Temple.
  4802 | Temple   | Entered the Ecumenical Temple
  5108 | D:6      | Identified the +8 scale mail "Erribb" {Str+3}
  5401 | D:7      | Reached skill level 5 in Dodging
  5417 | D:7      | Noticed Duvessa
  5417 | D:7      | Noticed Dowan
  5423 | D:7      | Killed Duvessa
  5424 | D:7      | Killed Dowan
  5555 | D:7      | Gained mutation: You sometimes gain a little power by
                  | taking damage. [demonic ancestry]
  5555 | D:7      | Reached XP level 10. HP: 75/77 MP: 10/10
  5656 | D:7      | Noticed a manticore
  5662 | D:7      | Killed a manticore
  5761 | D:7      | Noticed Joseph
  5766 | D:7      | Killed Joseph
  6119 | D:8      | Noticed Gastronok
  6131 | D:8      | Killed Gastronok
  6132 | D:8      | Reached skill level 7 in Fighting
  6247 | D:8      | Noticed Maggie
  6248 | D:8      | Noticed Maurice
  6258 | D:8      | Killed Maggie
  6270 | D:8      | Killed Maurice
  6382 | D:8      | Gained mutation: You have very sharp fingernails. [demonic
                  | ancestry]
  6382 | D:8      | Reached XP level 11. HP: 61/84 MP: 11/11
  6803 | D:8      | Found an iron altar of Okawaru.
  6803 | D:8      | Found an opulent altar of Gozag.
  6954 | D:8      | Became a worshipper of Warmaster Okawaru
  7122 | D:9      | Reached skill level 1 in Invocations
  7145 | D:9      | Found a staircase to the Orcish Mines.
  7148 | D:9      | Reached * piety under Okawaru
  7290 | D:9      | Found Syakawn's Lightly-Used Armoury.
  7542 | D:10     | Entered Level 10 of the Dungeon
  7553 | D:10     | You fall into a shaft and drop 3 floors!
  7646 | D:12     | Found a transporter.
  7646 | D:12     | Found a transporter.
  7647 | D:12     | Noticed a four-headed hydra
  7650 | D:12     | Noticed a red ugly thing
  7751 | D:10     | Found a sparkling altar of Nemelex Xobeh.
  7812 | D:10     | Reached ** piety under Okawaru
  7836 | D:10     | Noticed a two-headed ogre
  7842 | D:10     | Killed a two-headed ogre
  7843 | D:10     | Reached skill level 8 in Fighting
  7909 | D:10     | Noticed a two-headed ogre
  7914 | D:10     | Killed a two-headed ogre
  7914 | D:10     | Reached *** piety under Okawaru
  8006 | D:10     | Noticed Harold
  8019 | D:10     | Killed Harold
  8020 | D:10     | Reached skill level 10 in Axes
  8037 | D:10     | Reached **** piety under Okawaru
  8601 | D:10     | Found a staircase to the Lair.
  9042 | D:11     | Gained mutation: You sometimes gain power by taking damage.
                  | [demonic ancestry]
  9042 | D:11     | Reached XP level 12. HP: 94/94 MP: 15/15
  9305 | D:11     | Reached skill level 5 in Invocations
  9318 | D:11     | Reached ***** piety under Okawaru
  9938 | D:12     | Killed a seven-headed hydra
  9954 | D:12     | Noticed Sobieck's ghost (amateur FoGl)
 10126 | D:12     | Noticed a two-headed ogre
 10133 | D:12     | Killed a two-headed ogre
 10197 | D:12     | Reached skill level 9 in Fighting
 10346 | D:12     | Noticed Azrael
 10355 | D:12     | Received a gift from Okawaru
 10358 | D:12     | Killed Azrael
 10553 | D:12     | Killed Sobieck's ghost
 10573 | D:12     | Identified the +1 long sword "Qiuzihyu" {venom, Int+4 SInv
                  | Stlth+}
 10651 | D:13     | Acquired a manual of Fighting
 10821 | D:13     | Reached XP level 13. HP: 102/102 MP: 18/18
 10841 | D:13     | Found a gate to the Vaults.
 10847 | D:13     | Reached skill level 10 in Fighting
 11283 | D:13     | Reached skill level 11 in Fighting
 11319 | D:13     | Received a gift from Okawaru
 11727 | Lair:1   | Entered Level 1 of the Lair of Beasts
 11747 | Lair:1   | Identified the +6 spear of the Kidney {speed, rElec rPois
                  | rN+}
 12318 | Lair:1   | Reached skill level 1 in Polearms
 12325 | Lair:1   | You fall into a shaft and drop 1 floor!
 12699 | Lair:1   | Reached skill level 12 in Fighting
 13206 | Lair:2   | Found a staircase to the Snake Pit.
 13775 | Lair:3   | Reached ****** piety under Okawaru
 13887 | Lair:3   | Received a gift from Okawaru
 14714 | Lair:4   | Found a dark tunnel.
 14723 | Volcano  | Entered a volcano
 14796 | Volcano  | Reached XP level 14. HP: 116/116 MP: 20/20
 14845 | Volcano  | Reached skill level 13 in Fighting
 15397 | Lair:4   | Found a staircase to the Shoals.
 15516 | Lair:4   | Identified the +3 ring mail of Terror {rC+ Dex+3}
 15790 | Lair:5   | Identified the +1 leather armour of Wonderful Salvation
                  | {+Blink}
 15852 | Lair:5   | Found a viscous altar of Jiyva.
 15852 | Lair:5   | Found a staircase to the Slime Pits.
 16220 | Lair:6   | Entered Level 6 of the Lair of Beasts
 16223 | Lair:6   | Noticed Urug
 16226 | Lair:6   | Received a gift from Okawaru
 16239 | Lair:5   | Killed Urug
 16419 | Lair:6   | Reached skill level 10 in Armour
 16480 | Lair:6   | Reached skill level 14 in Fighting
 16747 | Lair:6   | Reached skill level 10 in Shields
 17401 | Orc:1    | Entered Level 1 of the Orcish Mines
 17877 | Orc:2    | Entered Level 2 of the Orcish Mines
 17878 | Orc:2    | Found a staircase to the Elven Halls.
 18008 | Orc:2    | Reached skill level 15 in Fighting
 18014 | Orc:2    | Found a frozen archway.
 18043 | IceCv    | Entered an ice cave
 18186 | IceCv    | Identified the +2 robe "Ukhocave" {rF+} (Okawaru gifted it
                  | to you in an ice cave)
 18186 | IceCv    | Received a gift from Okawaru
 18417 | IceCv    | Found an ancient bone altar of Kikubaaqudgha.
 18661 | IceCv    | Reached XP level 15. HP: 121/129 MP: 21/21
 18952 | Orc:2    | Found a transporter.
 18959 | Orc:2    | Noticed Pottery's ghost (journeyman TrMo)
 19002 | Orc:2    | Found a transporter.
 19012 | Orc:2    | Noticed an orc warlord
 19062 | Orc:2    | Found a one-way gate to the infinite horrors of the Abyss.
 19139 | Orc:2    | Found Weqiufuc's Jewellery Shoppe.
 19226 | Orc:2    | Found Eluf's Antique Armour Boutique.
 19234 | Orc:2    | Found Juleshui's Distillery.
 19236 | Orc:2    | Found Achaa's Assorted Antiques.
 19247 | Orc:2    | Bought a diamond ring for 175 gold pieces
 19262 | Orc:2    | Bought a hat for 120 gold pieces
 19647 | D:14     | Identified the +4 pair of boots of the Eternal Void
                  | {Rampage} (Okawaru gifted it to you on level 14 of the
                  | Dungeon)
 19647 | D:14     | Received a gift from Okawaru
 20328 | D:15     | Entered Level 15 of the Dungeon
 20340 | D:15     | Reached skill level 16 in Fighting
 20457 | D:15     | Got the Reference Book on Summoning and Contamination
 21358 | D:15     | Received a gift from Okawaru
 21434 | D:15     | Found a staircase to the Depths.
 22612 | Shoals:1 | Entered Level 1 of the Shoals
 22628 | Shoals:1 | Found a runed translucent gate.
 22629 | Shoals:1 | Found a runed translucent gate.
 22631 | Shoals:1 | Found a runed translucent gate.
 22638 | Shoals:1 | Noticed Donald
 22651 | Shoals:1 | Gained mutation: You have hoof-like feet. [demonic
                  | ancestry]
 22651 | Shoals:1 | Reached XP level 16. HP: 125/139 MP: 22/22
 22658 | Shoals:1 | Killed Donald
 22913 | Shoals:1 | Noticed Glennnyy's ghost (adept GrFi)
 22984 | Shoals:1 | Killed Glennnyy's ghost
 23803 | Shoals:2 | Cast into level 2 of the Abyss (merfolk impaler)
 23975 | Abyss:2  | Noticed a tentacled starspawn
 23983 | Abyss:2  | Killed a tentacled starspawn
 24025 | Abyss:2  | Reached skill level 17 in Fighting
 24052 | Abyss:2  | Noticed a hellephant
 24078 | Abyss:2  | Killed a hellephant
 24177 | Abyss:2  | Noticed a tentacled starspawn
 24182 | Abyss:2  | Killed a tentacled starspawn
 24207 | Shoals:2 | Escaped the Abyss
 24315 | Shoals:2 | Identified the +2 pair of boots "Hafo" {Rampage rElec Int+5
                  | Dex-4} (Okawaru gifted it to you on level 2 of the Shoals)
 24315 | Shoals:2 | Received a gift from Okawaru
 25812 | Shoals:3 | Received a gift from Okawaru
 26417 | Shoals:3 | Noticed Ilsuiw
 26439 | Shoals:3 | HP: 4/143 [merfolk javelineer/javelin (16)]
 26451 | Shoals:3 | Hit by a javelin thrown by a merfolk javelineer

Illustrated notes

Levels and vault maps discovered:
D:1:      pf_arrival_petrified_forest, layout_rooms, serial_glass,
          glass_columns_a, glass_columns_b, glass_columns_b, glass_columns_b,
          glass_columns_a, glass_columns_a,
          hellmonk_ecumenical_altar_heavens_door
D:2:      layout_basic, serial_shops, shop
D:3:      minmay_chambers_of_threes, layout_basic, lemuel_round_altar,
          mainiacjoe_overflow_six_doors_small, uniq_grinder
D:4:      lemuel_castle_with_subvaults [lemuel_castle_interior_carwin_3],
          layout_basic, mainiacjoe_overflow_small_starburst,
          serial_bayou_pond_a, interstate_on_off,
          chequers_serial_rivers_large_b, minmay_misc_feat_chi,
          minmay_misc_feat_x, minmay_joined_circles, uniq_pikel
D:5:      layout_gridville
D:6:      layout_loops_ring, minmay_temple_entry_junction, ebering_ghost_gozag
D:7:      layout_gridville, uniq_duvessa, uniq_joseph
D:8:      layout_basic, gammafunk_temple_overflow_elements, lemuel_old_faithful,
          uniq_maurice, uniq_maggie, uniq_gastronok
D:9:      layout_rooms, orc_0_dummy, minmay_shop_damaged
D:10:     layout_loops_ring, mainiacjoe_overflow_chevrons, erik_lair_dragon,
          minmay_fountain_box, uniq_harold
D:11:     layout_basic
D:12:     layout_roguey, gammafunk_ghost_hive, uniq_azrael
D:13:     layout_roguey, grunt_vaults_entry_tiered, due_unseen_surprise
D:14:     layout_loops_ring, serial_bayou, serial_bayou_shore_a,
          serial_bayou_pond_e, serial_bayou_crossing, serial_bayou_pond_a,
          amcnicky_mini_pool_small, minmay_increasing_density
D:15:     gammafunk_enter_depths_forms, layout_small_grid, special_room
          [special_room_mythical_zoo], serial_rivers,
          chequers_serial_rivers_large_a, chequers_serial_rivers_micro_c,
          chequers_serial_rivers_room_b, chequers_serial_rivers_room_b,
          chequers_serial_rivers_micro_b, chequers_serial_rivers_small_b,
          serial_park_square1 [serial_park_minivault_5x5_6]
Temple:   eino_temple_scatter_basement
Lair:1:   layout_gridlike, serial_bayou_pond_c
Lair:2:   layout_regular_city, minmay_snake_entry_guardpost_small,
          serial_forest, infiniplex_forest_lined_2,
          infiniplex_forest_straight_2, infiniplex_forest_clump_long,
          infiniplex_forest_diagonal, infiniplex_forest_split,
          infiniplex_forest_straight_3, infiniplex_forest_split,
          infiniplex_forest_lined_3, infiniplex_forest_fountain,
          gauntlet_entry_generic, serial_bayou_pond_d, serial_bayou_pond_e,
          lemuel_fruit_fields
Lair:3:   layout_small_grid
Lair:4:   layout_long_grid, minmay_shoals_entry_lonely_mermaid,
          nicolae_volcano_entry_batcave, serial_bayou_shore_b
Lair:5:   layout_gridlike, dpeg_slime_entry_enclosed_altar, lemuel_fruit_tree
Lair:6:   grunt_lair_end_beastmaster, layout_gridlike, uniq_urug
Shoals:1: layout_shoals, ebering_ghost_rock_garden,
          nicolae_shoals_dead_sea_scrolls, uniq_donald
Shoals:2: layout_shoals, nzn_prometheus_bound
Shoals:3: layout_shoals, nicolae_shop_firing_range, uniq_jorgrun, uniq_ilsuiw
Orc:1:    layout_caves, mines2_david
Orc:2:    st_orc_elflike, layout_caves, portal_ice_cave_entry_pillars_1,
          gammafunk_ghost_abyssal_escape

Skill      XL: |  1  2  3  4  5  6  7  8  9 10 11 12 13 14 15 16 |
---------------+-------------------------------------------------+-----
Axes           | 2 3 4 5 6 7 9 10 11 12 13 14 | 14.1
Shields        | 3 4 5 6 7 8 9 10 11 12 | 12.2
Armour         | 3 4 5 6 7 8 9 10 11 12 | 12.3
Dodging        | 1 2 3 4 5 6 7 8 |  8.0
Fighting       | 4 5 6 7 8 9 12 15 16 17 | 17.8
Invocations    | 4 7 8 |  8.2
Polearms       | 2 4 |  4.9

Action                   |  1- 3 |  4- 6 |  7- 9 | 10-12 | 13-15 | 16-18 || total
-------------------------+-------+-------+-------+-------+-------+-------++-------
Melee: War axe           |    83 |       |       |       |    40 |       ||   123
       Broad axe         |     5 |    41 |   256 |       |       |       ||   302
       Headbutt          |       |       |    54 |   123 |   360 |   168 ||   705
       Hand axe          |       |       |    63 |   405 |   988 |   468 ||  1924
Invok: Finesse           |       |       |       |     1 |     2 |     1 ||     4
       Heroism           |       |       |       |       |     1 |       ||     1
  Use: Scroll            |     2 |     3 |    10 |    16 |     6 |     7 ||    44
       Potion            |       |     1 |       |       |     4 |     5 ||    10
Armor: Scale mail        |    34 |       |    17 |   117 |   491 |   104 ||   763
       Chain mail        |    15 |    38 |   148 |       |       |       ||   201
Dodge: Dodged            |    27 |     6 |    90 |   162 |   401 |   140 ||   826
Block: Kite shield       |    46 |    26 |   185 |   220 |   604 |   228 ||  1309
       Reflection        |       |       |       |       |       |    11 ||    11

Table legend: (Time is in decaauts)
 A = Elapsed time spent in this place.
 B = Non-inter-level travel time spent in this place.
 C = Inter-level travel time spent in this place.
 D = Time resting spent in this place.
 E = Time spent auto-exploring this place.
 F = Levels seen in this place.
 G = Mean time per level.
                   A        B        C        D        E       F      G
               +--------+--------+--------+--------+--------+-----+--------+
         Total |  26562 |  24712 |   1850 |   1952 |  16356 |  30 |  885.4 |
       Dungeon |  15282 |  14009 |   1273 |    598 |  10096 |  15 | 1018.8 |
        Temple |    213 |    196 |     17 |      0 |    195 |   1 |  213.0 |
          Lair |   4835 |   4379 |    456 |      0 |   3232 |   6 |  805.8 |
        Shoals |   3475 |   3444 |     31 |   1119 |   1617 |   3 | 1158.3 |
  Orcish Mines |   1208 |   1137 |     71 |      0 |    765 |   2 |  604.0 |
         Abyss |    364 |    364 |      0 |      0 |     45 |   1 |  364.0 |
      Ice Cave |    706 |    706 |      0 |    235 |    121 |   1 |  706.0 |
       Volcano |    476 |    476 |      0 |      0 |    284 |   1 |  476.0 |
               +--------+--------+--------+--------+--------+-----+--------+

Top non-repeatable levels by time:
    D:10: 1635 daAuts
    D:15: 1601 daAuts
Shoals:1: 1570 daAuts
    D:13: 1397 daAuts
     D:4: 1393 daAuts
Shoals:2: 1206 daAuts
     D:8: 1145 daAuts
    D:11: 1119 daAuts
     D:3: 963 daAuts
    D:14: 953 daAuts
  Lair:2: 926 daAuts
    D:12: 919 daAuts
     D:5: 883 daAuts
  Lair:1: 881 daAuts
  Lair:6: 876 daAuts
